 Dungeon Crawl Stone Soup version 0.29.1-15-g9cfb28693d (webtiles) character file.

Game seed: 10347468723473216826

735 Smoke131 the Ruffian (level 7, -11/68 HPs)
             Began as a Troll Gladiator on Feb 28, 2023.
             Mangled by an orc warrior
             ... wielding a +0 hand axe of electrocution
              (12 damage)
             ... on level 3 of the Dungeon.
             The game lasted 00:08:50 (2918 turns).

Smoke131 the Ruffian (Troll Gladiator)              Turns: 2918, Time: 00:08:50

Health: -11/68     AC:  4    Str: 25    XL:     7   Next: 45%
Magic:  6/6        EV: 10    Int:  4    God:
Gold:   172        SH:  0    Dex: 11    Spells: 6/6 levels left

rFire   . . .      SeeInvis .     - Unarmed
rCold   . . .      Faith    .   (no shield)
rNeg    . . .      Spirit   .   a - +0 robe
rPois   .          Reflect  .   b - +0 hat
rElec   .          Harm     .   (no cloak)
rCorr   .          Rampage  .   (gloves unavailable)
Will    .....                   (boots unavailable)
Stlth   +.........              (no amulet)
HPRegen 1.01/turn               f - ring of flight
MPRegen 0.10/turn               (no ring)

@: flying
A: large, unfitting armour, claws 3, regeneration 1, shaggy fur 1, tough skin 1
a: no special abilities


You were on level 3 of the Dungeon.
You visited 1 branch of the dungeon, and saw 4 of its levels.

You collected 172 gold pieces.

Inventory:

Missiles
 c - 4 throwing nets (quivered)
 l - 15 stones
 m - 7 poisoned darts
 o - 7 boomerangs
Armour
 a - a +0 robe (worn)
 b - a +0 hat (worn)
Jewellery
 f - a ring of flight (left claw)
 s - a ring of willpower
Wands
 t - a wand of charming (8)
Scrolls
 d - a scroll of noise
 e - 2 scrolls of blinking
 i - a scroll of magic mapping
 j - a scroll of amnesia
 k - a scroll of identify
 n - a scroll of enchant armour {unknown}
Potions
 g - a potion of haste
 h - a potion of might
 p - a potion of lignification
 r - a potion of flight


   Skills:
 + Level 3.6 Fighting
 + Level 4.1 Throwing
 + Level 3.2 Armour
 - Level 2.4 Dodging
 + Level 5.0 Unarmed Combat


You had 6 spell levels left.
You didn't know any spells.
Your spell library was empty.

Dungeon Overview and Level Annotations

Branches:
Dungeon (4/15)
 Temple: D:4-7

Altars:
Ashenzari
Fedhas
Xom

Annotations:
D:3 exclusion: oklob plant


Innate Abilities, Weirdness & Mutations

You are too large for most types of armour.
You have claws for hands.
Your natural rate of healing is unusually fast.
You are covered in fur. (AC +1)
You have tough skin. (AC +1)


Message History

The orc warrior hits you with a +0 hand axe of electrocution! x2
There is a stone staircase leading up, spattered with blood here.
The orc warrior hits you with a +0 hand axe of electrocution!
The wight barely misses you.
You fly upwards.
Level annotation: exclusion: oklob plant
There is a stone staircase leading down here.
The orc warrior hits you with a +0 hand axe of electrocution!
The wight attacks as you move away! The wight barely misses you.
The orc warrior attacks as you move away!
The orc warrior hits you with a +0 hand axe of electrocution!
* * * LOW HITPOINT WARNING * * *
Aiming: Charm
Press: ? - help, Shift-Dir - straight line, f - orc warrior
Aim: an orc warrior, wielding a +0 hand axe of electrocution, wearing a +0 chain mail and quivering boomerangs (chance to affect: 49%)
The orc warrior resists with some effort.
The orc warrior barely misses you.
Aiming: Charm
Press: ? - help, Shift-Dir - straight line, f/p - orc warrior
Aim: an orc warrior, wielding a +0 hand axe of electrocution, wearing a +0 chain mail and quivering boomerangs (chance to affect: 49%)
The orc warrior resists with some effort.
The orc warrior hits you with a +0 hand axe of electrocution!
* * * LOW HITPOINT WARNING * * *
What are your orders? t - Shout!
Orders for allies: a - Attack new target. p - Attack previous target. r - Retreat! s - Stop attacking. g - Guard the area. f - Follow me.
Anything else - Cancel.
Okay, then.
Unknown command.
Unknown command.
Aiming: Charm
Press: ? - help, Shift-Dir - straight line, f/p - orc warrior
Aim: an orc warrior, wielding a +0 hand axe of electrocution, wearing a +0 chain mail and quivering boomerangs (chance to affect: 49%)
The orc warrior resists with some effort.
The orc warrior hits you with a +0 hand axe of electrocution!
* * * LOW HITPOINT WARNING * * *
You are electrocuted!
You die...

#.##.##..........# #.##
##)##.##.#..##.### #..#
#..#..##.#..##.# ##.#
##.##.##......[# #.#
†#..#..###..#### #.# ######
##.##.####..#### #.# #...#.
.##.##.#.......# #.# #.#.).
....#....#####.#########.# #.#...
########......zo@........###.##..
#.# #.........#######........#..
#)# ##..####...# #.###....##. #.#
##........# #.........##
#.###########.<># #..#......[.
......# #...# #..#.#..#.#.
.####.## #...# #...........
.......# #...# #.........##
.......######...#######........#.


You could see an orc warrior and a wight.

Vanquished Creatures
  Menkaure (D:4)
  An ogre (D:4)
  A phantom (D:3)
  2 scorpions (D:4)
  A howler monkey (D:2)
  A hound (D:4)
  2 jellies (D:4)
  An orc priest (D:3)
  Ijyb (D:4)
  An orc wizard (D:3)
  3 adders
  2 worms
  4 dart slugs
  5 orcs
  10 ball pythons
  7 endoplasms
  3 giant cockroaches
  9 goblins
  8 hobgoblins
  An iguana (D:4)
  6 kobolds
  12 quokkas
  8 bats
  2 frilled lizards (D:1)
  5 rats
97 creatures vanquished.

Notes
Turn   | Place    | Note
-------+----------+-------------------------------------------
     0 | D:1      | Smoke131 the Troll Gladiator began the quest for the Orb.
     0 | D:1      | Reached XP level 1. HP: 19/19 MP: 0/0
   106 | D:1      | Reached XP level 2. HP: 28/28 MP: 1/1
   376 | D:1      | Reached skill level 1 in Armour
   427 | D:1      | Reached XP level 3. HP: 34/35 MP: 2/2
   757 | D:2      | Found a faded altar of an unknown god.
   804 | D:2      | Reached XP level 4. HP: 37/44 MP: 3/3
  1100 | D:3      | Noticed a phantom
  1117 | D:3      | Killed a phantom
  1118 | D:3      | Reached XP level 5. HP: 38/50 MP: 4/4
  1164 | D:3      | Reached skill level 4 in Unarmed Combat
  1305 | D:3      | Found a blossoming altar of Fedhas.
  1327 | D:3      | Noticed an oklob plant
  1426 | D:3      | Found a broken altar of Ashenzari.
  1748 | D:3      | Reached XP level 6. HP: 53/59 MP: 5/5
  2164 | D:4      | Found a shimmering altar of Xom.
  2316 | D:4      | Reached XP level 7. HP: 53/67 MP: 6/6
  2636 | D:4      | Identified the +4 spear of Joacyivi {elec, +Blink rElec
                  | rPois rC-}
  2736 | D:4      | Noticed Ijyb
  2750 | D:4      | Killed Ijyb
  2798 | D:4      | Noticed Menkaure
  2799 | D:4      | Killed Menkaure
  2800 | D:4      | Reached skill level 5 in Unarmed Combat
  2918 | D:3      | HP: 1/68 [orc warrior/+0 hand axe of electrocution (8)]
  2918 | D:3      | Mangled by an orc warrior

Illustrated notes

Levels and vault maps discovered:
D:1:      lightli_arrival_flooded_house, layout_basic
D:2:      layout_rooms, hellmonk_ecumenical_altar_defaced_shrine
D:3:      minmay_angry_zag, layout_loops_cross, tgw_fedhas,
          nicolae_ashenzari_skybound, minmay_puff
D:4:      layout_loops_corners, dk_xom_monty_hall, amcnicky_mini_pool_small,
          minmay_manual_maat, uniq_menkaure, uniq_robin, uniq_ijyb

Skill      XL: |  1  2  3  4  5  6  7 |
---------------+----------------------+-----
Throwing       | 2 3 4 |  4.1
Armour         | 1 2 3 |  3.2
Fighting       | 2 3 |  3.6
Unarmed Combat | 4 5 |  5.0
Dodging        | |  2.4

Action                   |  1- 3 |  4- 6 |  7- 9 || total
-------------------------+-------+-------+-------++-------
Melee: Unarmed           |    82 |   101 |    42 ||   225
       Punch             |     4 |     2 |     2 ||     8
Throw: Large rock        |       |       |     2 ||     2
Evoke: Wand              |       |       |     3 ||     3
  Use: Scroll            |       |    10 |       ||    10
       Potion            |       |       |     1 ||     1
 Stab: Sleeping          |       |     2 |       ||     2
Armor: Robe              |    31 |    27 |     7 ||    65
Dodge: Dodged            |    30 |    35 |    19 ||    84
